 Dungeon Crawl Stone Soup version 0.30-a0-883-g5ad918d77d (webtiles) character file.

Game seed: 3651874276811707899

1200 Pimp the Blocker (level 8, -4/59 (60) HPs)
             Began as a Formicid Fighter on Mar 15, 2023.
             Was an Initiate of Gozag.
             Slain by a wight
             ... wielding a +2 dire flail
              (8 damage)
             ... on level 6 of the Dungeon.
             The game lasted 00:08:36 (5367 turns).

Pimp the Blocker (Formicid Fighter)                 Turns: 5367, Time: 00:08:37

HP:   -4/59 (60)    AC:  9    Str: 23    XL:     8   Next: 72%
MP:   8/8           EV: 11    Int:  8    God:    Gozag
Gold: 382           SH:  6    Dex: 13    Spells: 7/7 levels left

rFire   . . .      SeeInvis +    a - +0 war axe (freeze)
rCold   . . .      Faith    .    c - +0 buckler
rNeg    . . .      Spirit   .    b - +0 scale mail
rPois   .          Reflect  .    (helmet unavailable)
rElec   .          Rampage  .    (no cloak)
rCorr   .                        (no gloves)
Will    .....                    q - +1 pair of boots
Stlth   +                        (no amulet)
HPRegen 0.29/turn                g - ring of flight
MPRegen 0.11/turn                k - ring of protection from fire

@: flying, lightly drained
A: permanent stasis, dig shafts and tunnels, antennae 3, four strong arms,
camouflage 1, heat vulnerability 1, sturdy frame 1, devolution 1
a: Dig, Shaft Self, Renounce Religion, Potion Petition, Call Merchant, Bribe
Branch


You were on level 6 of the Dungeon.
You worshipped Gozag.
Gozag was aware of your devotion.
You visited 2 branches of the dungeon, and saw 7 of its levels.

You collected 436 gold pieces.
You paid 54 gold pieces to Gozag.

Inventory:

Hand Weapons
 a - a +0 war axe of freezing (weapon)
Armour
 b - a +0 scale mail (worn)
 c - a +0 buckler (worn)
 q - a +1 pair of boots (worn)
Jewellery
 d - a ring of magical power
 f - a ring of ice
 g - a ring of flight (left hand)
 k - a ring of protection from fire (right hand)
 o - a ring of poison resistance
Wands
 p - a wand of flame (30)
Scrolls
 e - a scroll of magic mapping
 i - a scroll of fog
Potions
 h - a potion of attraction
 l - 2 potions of flight


   Skills:
 - Level 4.0 Fighting
 * Level 6.2 Axes
 - Level 4.1 Armour
 + Level 3.2 Dodging
 * Level 8.8 Shields


You had 7 spell levels left.
You didn't know any spells.
Your spell library contained the following spells:

 Spells                   Type           Power      Damage    Failure   Level
 Apportation              Tloc           0%         N/A       65%         1
 Freeze                   Ice            0%         1d3       65%         1
 Necrotise                Necr           0%         1d4       65%         1
 Summon Small Mammal      Summ           0%         N/A       65%         1
 Ensorcelled Hibernation  Hex/Ice        0%         N/A       80%         2
 Frozen Ramparts          Ice            0%         1d1       95%         3
 Hailstorm                Conj/Ice       0%         3d3       95%         3
 Ignite Poison            Fire/Tmut/Pois 0%         N/A       95%         3
 Kindle Blastsparks       Fire/Tloc/Air  0%         2d10      95%         3
 Spider Form              Tmut/Pois      0%         N/A       95%         3
 Anguish                  Hex/Necr       0%         N/A       100%        4
 Freezing Cloud           Conj/Ice/Air   0%         6-21      100%        5


Dungeon Overview and Level Annotations

Branches:
Dungeon (6/15)             Temple (1/1) D:5

Altars:
Cheibriados
Dithmenos
Fedhas
Gozag
Hepliaklqana
Kikubaaqudgha
Nemelex Xobeh
Qazlal
Ru
Sif Muna
Vehumet
Wu Jian
Xom
Yredelemnul
Zin

Shops:
D:4 [:=   D:5 =


Innate Abilities, Weirdness & Mutations

You cannot be hasted, slowed, berserked, paralysed or teleported.
You can dig through walls and to a lower floor.
You have a pair of large antennae on your head. (SInv)
Your four strong arms can wield two-handed weapons with a shield.
Your skin changes colour to match your surroundings (Stealth+).
You are vulnerable to heat. (rF-)
Your movements are slightly less encumbered by armour. (ER -2)
You have hidden genetic defects.


Message History

The wight attacks as you move away!
The wight hits you with a +2 dire flail!
* * * LOW HITPOINT WARNING * * *
The gnoll attacks as you move away! The gnoll barely misses you.
The wight attacks as you move away! The wight hits you but does no damage.
The sentinel's mark upon you fades away.
The gnoll attacks as you move away! The gnoll hits you with a +0 flail.
* * * LOW HITPOINT WARNING * * *
The iguana hisses menacingly.
You slash the wight!
The wight is severely damaged.
You block the wight's attack. The wight closely misses you.
You barely miss the wight.
The wight is severely damaged.
You hit the gnoll but do no damage. The wight closely misses you.
The gnoll hits you with a +0 flail.
* * * LOW HITPOINT WARNING * * *
You feel better. The wight hits you but does no damage.
The gnoll hits you with a +0 flail!
* * * LOW HITPOINT WARNING * * *
It was a potion of haste.
Your stasis prevents you from being hasted.
The wight barely misses you. The gnoll hits you with a +0 flail.
* * * LOW HITPOINT WARNING * * *
The gnoll hits you with a +0 flail.
* * * LOW HITPOINT WARNING * * *
The gnoll hits you but does no damage.
It was a potion of mutation.
You feel extremely strange.
You feel less encumbered by your armour.
You feel vulnerable to heat.
You feel a hidden malignance growing inside you.
Your skin functions as natural camouflage.
The wight barely misses you. The gnoll closely misses you. x2
You block the gnoll's attack.
Okay, then.
Okay, then.
Are you sure you want to shaft yourself?
The wight hits you with a +2 dire flail!
You die...
Your body crumbles into a pile of gold.

#.....# #$..# #.$##
### ##..# #... ##...#
#..######...##
#..zzg....#
#.#ggzl....##
#..#@####...# #.
#........## .
#..........# #.
...........## ##..
.............####..#
....########....#...#
##... ##.......# #...
##.....## #..## .##
##....#


You could see an iguana, 3 wights and 3 gnolls.

Vanquished Creatures
  An ice beast (D:5)
  A black bear (D:3)
  A phantom (D:6)
  5 scorpions
  A jelly (D:6)
  3 hounds
  A gnoll bouda (D:5)
  An orc priest (D:5)
  5 orc wizards
  An iguana (D:5)
  12 gnolls
  8 adders
  3 worms
  5 dart slugs
  19 orcs
  4 ball pythons
  13 bats
  9 endoplasms
  2 giant cockroaches (D:2)
  2 goblins
  4 hobgoblins
  11 jackals
  2 quokkas
  4 frilled lizards
  4 kobolds
  3 rats
125 creatures vanquished.

Notes
Turn   | Place    | Note
-------+----------+-------------------------------------------
     0 | D:1      | Pimp the Formicid Fighter began the quest for the Orb.
     0 | D:1      | Reached XP level 1. HP: 18/18 MP: 1/1
    25 | D:1      | Reached XP level 2. HP: 15/24 MP: 2/2
    87 | D:1      | You fall into a shaft and drop 1 floor!
   145 | D:2      | Reached XP level 3. HP: 26/29 MP: 3/3
   281 | D:2      | Found a faded altar of an unknown god.
  1010 | D:2      | Reached XP level 4. HP: 37/37 MP: 4/4
  1471 | D:2      | Reached XP level 5. HP: 42/42 MP: 5/5
  1577 | D:3      | Reached skill level 5 in Shields
  1800 | D:3      | Noticed a black bear
  1814 | D:3      | Killed a black bear
  1815 | D:3      | Reached skill level 1 in Dodging
  1815 | D:3      | Reached XP level 6. HP: 48/48 MP: 6/6
  2203 | D:3      | Reached skill level 6 in Shields
  2636 | D:4      | Found Utew's Self-Improvement Boutique.
  2740 | D:4      | Found Geczyule's Antique Armour Shoppe.
  3516 | D:5      | Entered Level 5 of the Dungeon
  3533 | D:5      | Reached XP level 7. HP: 48/54 MP: 7/7
  3617 | D:5      | Found Meguch's Jewellery Shoppe.
  4070 | D:5      | Found a staircase to the Ecumenical Temple.
  4084 | Temple   | Entered the Ecumenical Temple
  4272 | Temple   | Became a worshipper of Gozag Ym Sagoz the Greedy
  4327 | D:5      | Reached skill level 7 in Shields
  4343 | D:5      | Reached skill level 5 in Axes
  4453 | D:5      | Reached XP level 8. HP: 45/60 MP: 8/8
  4953 | D:6      | Reached skill level 8 in Shields
  5366 | D:6      | Gained mutation: Your movements are slightly less
                  | encumbered by armour. (ER -2) [potion of mutation]
  5366 | D:6      | Gained mutation: You are vulnerable to heat. (rF-) [potion
                  | of mutation]
  5366 | D:6      | Gained mutation: You have hidden genetic defects. [potion
                  | of mutation]
  5366 | D:6      | Gained mutation: Your skin changes colour to match your
                  | surroundings (Stealth+). [potion of mutation]
  5367 | D:6      | Slain by a wight

Illustrated notes

Levels and vault maps discovered:
D:1:      co_arrival_square_in_a_square_in_a_square, layout_basic,
          minmay_splitting_lines
D:2:      layout_basic, hellmonk_ecumenical_altar_blasted, serial_curves,
          eino_curves_02, eino_curves_03
D:3:      layout_loops_cross
D:4:      layout_layer_cave, serial_shops, nicolae_lakefront_shop,
          nicolae_shop_self_help
D:5:      layout_cave_pools, minmay_temple_entry_drinking_statues, serial_shops,
          nicolae_shop_statue_plus, item_on_display_a
D:6:      layout_layer_cave
Temple:   bh_familiar_temple

Skill      XL: |  1  2  3  4  5  6  7  8 |
---------------+-------------------------+-----
Armour         | 4 |  4.1
Fighting       | 4 |  4.0
Shields        | 5 6 7 8 |  8.8
Axes           | 3 4 5 6 |  6.2
Dodging        | 1 2 3 |  3.2

Action                     |  1- 3 |  4- 6 |  7- 9 || total
---------------------------+-------+-------+-------++-------
  Melee: War axe           |    69 |   160 |   134 ||   363
Ability: Dig               |       |       |     1 ||     1
         Shaft Self        |       |       |     1 ||     1
    Use: Scroll            |     2 |     2 |     6 ||    10
         Potion            |       |     3 |     5 ||     8
   Stab: Distracted        |       |       |     2 ||     2
 Armour: Scale mail        |    72 |    99 |    54 ||   225
  Dodge: Dodged            |    68 |    94 |    97 ||   259
  Block: Buckler           |    29 |    46 |    39 ||   114

Table legend: (Time is in decaauts)
 A = Elapsed time spent in this place.
 B = Non-inter-level travel time spent in this place.
 C = Inter-level travel time spent in this place.
 D = Time resting spent in this place.
 E = Time spent auto-exploring this place.
 F = Levels seen in this place.
 G = Mean time per level.
                   A        B        C        D        E       F      G
               +--------+--------+--------+--------+--------+-----+--------+
         Total |   5491 |   5188 |    303 |    706 |   3424 |   7 |  784.4 |
       Dungeon |   5273 |   5022 |    251 |    706 |   3267 |   6 |  878.8 |
        Temple |    217 |    165 |     52 |      0 |    157 |   1 |  217.0 |
               +--------+--------+--------+--------+--------+-----+--------+

Top non-repeatable levels by time:
     D:4: 1250 daAuts
     D:5: 1003 daAuts
     D:3: 916 daAuts
     D:2: 886 daAuts
     D:1: 721 daAuts
     D:6: 494 daAuts
  Temple: 217 daAuts
